Description

This build order is a total cheese and it is strong against almost every kind of protoss build order. It's a mix between swarm host playstyle and nydus playstyle. The opening is a 14/14 to force a defensive reaction and to be able to go on a very fast tech. It's really important to have a good position with overlords to be able to do the build order.

Notes :

  • The opening is : 14/14 Queen => Second gas => Tier 2 => Queens
  • If you can't put the nydus in the protoss base, but it in the third base: The swarmhost can still be used like this
  • Use queens to kill air units
  • Always focus the nexus of your opponent, if you can kill it, you win the game
  • Have fun!

Replay - ZvP - Nydus/Swarm Host

Build Order

Get SALT Encoding   

  12  0:00  Drone  
  13  0:08  Drone  
  14  0:27  Spawning Pool  
  13  0:30  Drone  
  14  0:40  Extractor x2  
  14  0:41  Drone x2  
  15  0:50  Overlord  
  15  1:13  Zergling x6  
  15  1:14  Queen  
  20  1:30  Zergling x4  
  22  1:46  Overlord  
  22  1:50  Lair  
  22  1:55  Extractor  
  22  1:56  Drone  
  22  2:20  Drone x2  
  24  2:25  Drone x2  
  29  2:54  Queen  
  29  2:55  Infestation Pit  
  30  2:59  Overlord  
  30  3:11  Overlord  
  30  3:18  Nydus Network  
  32  3:34  Swarm Host  
  35  3:42  Swarm Host  
  38  3:49  Swarm Host  
  41  3:57  Swarm Host  
  44  4:06  Nydus Canal  
  44  4:10  Queen  
  46  4:17  Overlord  
  46  4:35  Swarm Host x2  
  52  4:49  Nydus Canal  
  52  4:52  Queen  
  54  5:08  Swarm Host x2  
  54  5:12  Nydus Canal  
  60  5:26  Nydus Canal  
  60  5:34  Hatchery  
  59  5:48  Nydus Canal  
  59  5:55  Swarm Host  
  58  6:24  Swarm Host  
  68  7:03  Nydus Canal  
Spawning Tool Build Advisor. Get it on Overwolf

Go to:

Details

  • Created by: zuka      
  • Published on: Mar 29, 2019
  • Modified on: Mar 29, 2019
  • Patch: 4.7.1
Show
View Real Time Build Order
Export as new Build Order

Comments (1)

On April 16, 2019, 5:47 p.m., Vetanguy  said:

This tilts hard

Create an account to comment!